Map: Beckett Industries LE

Players

Player 2

  • Race: Protoss Protoss

QuietMind - Winner!

  • Race: Terran Terran

VOD

Have the link to the VOD?

Description

Time

  • Played on: Aug. 10, 2021, 12:11 a.m.
  • Length: 12:01
Show
View Real Time Build Order
Export as new Build Order

Player 2 Protoss 

Build Orders: 1 Gate Expand 

Get SALT Encoding   

  12  0:00  Probe  
  13  0:13  Probe  
  14  0:20  Pylon  
  14  0:25  Probe  
  15  0:34  Probe  
  15  0:42  Probe  
  17  0:51  Gateway  
  17  1:09  Probe  
  17  1:11  Nexus  
  18  1:30  Pylon  
  18  1:33  Assimilator  
  18  1:41  Zealot  
  18  1:43  Probe, Cybernetics Core  
  21  1:56  Probe  
  22  2:05  Probe  
  22  2:06  Gateway  
  22  2:12  Stalker  
  22  2:13  Probe  
  22  2:15  Assimilator  
  26  2:23  Probe  
  26  2:26  Warp Gate  
  27  2:35  Probe  
  28  2:48  Assimilator, Stalker  
  28  2:51  Pylon  
  30  2:53  Probe  
  30  2:58  Probe  
  32  3:07  Gateway  
  32  3:08  Zealot  
  34  3:27  Stalker  
  36  3:39  Stalker  
  38  3:50  Probe  
  38  3:52  Probe  
  40  3:55  Stalker  
  40  4:02  Probe  
  43  4:04  Probe  
  43  4:08  Pylon  
  44  4:13  Sentry  
  44  4:14  Probe  
  44  4:16  Forge  
  47  4:22  Probe  
  47  4:28  Adept  
  47  4:29  Probe  
  51  4:34  Probe  
  52  4:41  Probe  
  52  4:42  Protoss Ground Armor Level 1  
  53  4:46  Probe, Zealot  
  56  4:53  Probe, Pylon  
  56  4:58  Probe  
  57  5:02  Zealot  
  57  5:06  Probe  
  60  5:10  Probe  
  61  5:16  Pylon, Stalker  
  61  5:18  Probe  
  64  5:22  Probe  
  64  5:28  Twilight Council  
  64  5:30  Probe x2  
  66  5:39  Probe  
  66  5:41  Stalker  
  66  5:42  Probe  
  69  5:48  Pylon  
  70  5:50  Probe  
  70  5:54  Probe  
  70  5:55  Stalker  
  70  5:56  Blink  
  74  6:02  Probe  
  75  6:06  Probe  
  75  6:09  Stalker  
  78  6:12  Probe  
  78  6:13  Pylon  
  78  6:18  Probe  
  78  6:20  Probe  
  78  6:23  Stalker  
  82  6:29  Photon Cannon  
  82  6:34  Robotics Facility  
  82  6:35  Pylon  
  82  6:38  Protoss Ground Weapons Level 1, Stalker  
  84  6:42  Photon Cannon  
  84  6:44  Pylon  
  83  6:47  Pylon  
  83  6:52  Sentry  
  83  6:53  Stargate  
  85  6:58  Forge  
  85  7:06  Adept  
  87  7:09  Photon Cannon  
  87  7:11  Photon Cannon  
  87  7:14  Photon Cannon  
  87  7:21  Observer  
  88  7:35  Observer  
  88  7:38  Assimilator  
  89  8:00  Probe  
  89  8:02  Probe  
  91  9:22  Immortal  
  95  9:26  Gateway  
  95  9:29  Pylon  
  95  9:31  Nexus  
  93  9:35  Zealot  
  71  9:40  Void Ray  
  71  9:42  Zealot  
  71  9:53  Zealot  
  59  10:00  Sentry  
  59  10:01  Warp Prism  
  47  10:08  Stalker  
  47  10:11  Probe  
  33  10:15  Stalker  
  30  10:23  Probe  
  30  10:26  Stalker  
  33  10:32  Probe  
  33  10:33  Sentry  
  33  10:34  Robotics Bay  
  33  10:40  Stalker  
Show
View Real Time Build Order
Export as new Build Order

QuietMind Terran - Winner!

Build Orders: Mech 

Get SALT Encoding   

  12  0:00  SCV  
  13  0:12  SCV  
  14  0:17  Supply Depot  
  14  0:24  SCV  
  15  0:38  SCV  
  15  0:40  Barracks  
  16  0:51  SCV  
  16  0:53  Refinery  
  17  1:03  SCV  
  18  1:15  SCV  
  19  1:27  Orbital Command  
  19  1:33  Command Center  
  19  1:41  Supply Depot  
  19  1:54  SCV  
  19  1:57  Factory  
  19  1:59  Marine  
  21  2:06  SCV  
  22  2:13  Refinery  
  22  2:17  Barracks Tech Lab  
  22  2:18  SCV  
  23  2:30  SCV  
  24  2:42  SCV  
  25  2:48  Siege Tank  
  25  2:49  Marine  
  29  2:54  SCV  
  30  2:59  Orbital Command  
  30  3:02  Bunker  
  30  3:07  Marine, SCV  
  32  3:19  SCV  
  33  3:21  Siege Tank  
  33  3:26  SCV  
  37  3:28  Barracks Reactor  
  37  3:31  SCV  
  37  3:32  Supply Depot  
  38  3:38  SCV  
  39  3:43  SCV  
  39  3:47  Command Center  
  40  3:50  SCV  
  40  3:53  Siege Tank  
  40  3:55  SCV  
  45  3:57  Supply Depot  
  45  4:02  SCV  
  46  4:07  SCV  
  47  4:11  Marine  
  47  4:14  SCV  
  49  4:19  SCV  
  49  4:21  Armory  
  49  4:22  Engineering Bay  
  50  4:25  Supply Depot  
  50  4:26  SCV  
  51  4:31  Barracks Tech Lab, SCV  
  51  4:33  Factory, Widow Mine, Hellion  
  57  4:38  SCV  
  57  4:43  SCV  
  57  4:44  Refinery  
  58  4:48  Supply Depot  
  58  4:50  SCV  
  58  4:51  Missile Turret  
  59  4:54  Missile Turret  
  59  4:55  SCV  
  59  4:57  Widow Mine  
  62  5:00  Widow Mine  
  62  5:02  SCV  
  65  5:11  SCV  
  65  5:12  Marauder  
  68  5:14  SCV  
  68  5:17  Refinery  
  68  5:19  Bunker, Orbital Command  
  69  5:23  SCV  
  69  5:25  Hellbat  
  69  5:27  SCV  
  73  5:35  SCV, Thor  
  80  5:36  Marauder  
  80  5:39  SCV  
  83  5:47  SCV x2  
  83  5:48  Hellbat x2  
  89  5:51  SCV, Supply Depot  
  90  5:59  SCV x2  
  90  6:02  Supply Depot  
  90  6:03  SCV  
  93  6:09  Supply Depot  
  93  6:10  Terran Vehicle Weapons Level 1  
  93  6:13  SCV x2, Marauder  
  93  6:14  Missile Turret  
  93  6:15  SCV  
  93  6:17  Hellbat  
  100  6:23  Hellbat, Thor  
  100  6:25  SCV, Supply Depot  
  109  6:29  Supply Depot  
  109  6:31  SCV x2  
  111  6:37  SCV  
  111  6:38  Supply Depot  
  112  6:43  SCV x2  
  112  6:44  Hellbat  
  118  6:47  Marauder  
  118  6:48  Command Center  
  118  6:49  SCV  
  121  6:54  Hellbat  
  121  6:55  SCV x2  
  121  6:58  Armory  
  124  7:01  Factory, SCV  
  124  7:06  Thor  
  124  7:07  SCV x2  
  132  7:11  Supply Depot  
  132  7:13  SCV, Supply Depot, Refinery  
  132  7:14  Marauder, Refinery  
  135  7:18  Hellbat, Supply Depot  
  135  7:19  Hellbat, SCV x2  
  141  7:32  SCV x3, Supply Depot  
  141  7:33  Supply Depot  
  144  7:40  Hellbat  
  144  7:43  Hellbat  
  148  7:44  SCV x3  
  148  7:47  Barracks Tech Lab  
  148  7:48  Terran Vehicle And Ship Armor Level 1, Factory  
  148  7:50  Thor  
  157  7:52  Thor  
  157  7:56  SCV x3  
  166  8:03  Hellbat  
  168  8:05  Terran Vehicle Weapons Level 2  
  168  8:07  Marauder  
  168  8:08  SCV x3  
  173  8:21  SCV x3, Command Center  
  173  8:23  Supply Depot  
  173  8:26  Factory  
  173  8:27  Factory, Hellbat x2  
  180  8:30  Planetary Fortress  
  180  8:33  SCV x3  
  183  8:35  Missile Turret  
  183  8:37  Factory Tech Lab  
  183  8:41  Thor  
  189  8:42  Refinery  
  189  8:45  SCV x3, Refinery  
  189  8:46  Thor  
  198  8:54  Hellbat  
  200  9:02  Command Center  
  200  9:03  Infernal Pre-Igniter  
  200  9:08  Hi-Sec Auto Tracking  
  200  9:21  Factory Tech Lab x2  
  200  9:26  Starport  
  198  9:33  Thor  
  196  9:57  Command Center  
  194  10:04  Neosteel Armor  
  194  10:12  Starport Tech Lab  
  194  10:18  Fusion Core  
  193  10:31  Thor  
  198  10:38  Orbital Command  
  198  10:41  Planetary Fortress  
  198  10:46  SCV x2  
  199  11:00  Command Center x2  
  199  11:03  Starport  
  199  11:05  Starport  
  199  11:17  Refinery  
  199  11:18  Starport  
  199  11:19  Starport  
  199  11:24  SCV  
  199  11:34  Command Center  
  199  11:36  Refinery  
  199  11:41  Starport Tech Lab  
  199  11:42  Starport Tech Lab  
Tags
 
Add a new tag
Caveats
  • Supply blocks, unpowered buildings, or Contaminate may cause inaccurate times.
  • Supply counts are checked every 10 seconds.